 Dungeon Crawl Stone Soup version 0.31-a0-232-gb1c03b2570 (webtiles) character file.

Game seed: 8135971282541094288

78 qw the Shooter (level 4, -2/36 HPs)
             Began as a Minotaur Hexslinger on July 7, 2023.
             Slain by a cerulean imp
             ... wielding a +3 spear
             ... summoned by Natasha
              (4 damage)
             ... on level 2 of the Dungeon.
             The game lasted 00:00:36 (1364 turns).

qw the Shooter (Minotaur Hexslinger)                Turns: 1364, Time: 00:00:36

Health: -2/36      AC:  3    Str: 13    XL:     4   Next: 15%
Magic:  4/4        EV: 12    Int: 10    God:
Gold:   67         SH:  0    Dex: 14    Spells: 4/5 levels left

rFire   + . .        Y - +3 sling
rCold   . . .        (no shield)
rNeg    . . .        a - +0 leather armour {rF+}
rPois   .            (helmet restricted)
rElec   .            (no cloak)
rCorr   .            (no gloves)
SInv    .            (no boots)
Will    .....        (no amulet)
Stlth   +            (no ring)
HPRegen 0.26/turn    (no ring)
MPRegen 0.09/turn

%: no passive effects
@: no status effects
A: horns 2, retaliatory headbutt
a: no special abilities


You were on level 2 of the Dungeon.
You visited 1 branch of the dungeon, and saw 3 of its levels.

You collected 67 gold pieces.


Innate Abilities, Weirdness & Mutations

You have a pair of horns on your head.
You reflexively headbutt those who attack you in melee.


   Skills:
 - Level 2.0 Fighting
 + Level 4.5 Ranged Weapons
 - Level 1.0 Armour
 - Level 2.1 Dodging
 - Level 1.0 Spellcasting
 - Level 2.0 Hexes


You had 4 spell levels left.
You knew the following spells:

 Your Spells              Type           Power      Damage    Failure   Level
a - Slow                  Hex            16%        N/A       19%         1

Your spell library contained the following spells:

 Spells                   Type           Power      Damage    Failure   Level
 Inner Flame              Hex/Fire       2%         N/A       65%         3
 Portal Projectile        Hex/Tloc       4%         N/A       65%         3
 Cause Fear               Hex            2%         N/A       88%         4

Inventory:

Hand Weapons
 Y - a +3 sling (weapon)
Armour
 a - a +0 leather armour of fire resistance (worn)
 e - a +0 ring mail
Potions
 d - a potion of brilliance {unknown}

Dungeon Overview and Level Annotations

Branches:
Dungeon (3/15)

Altars:
The Shining One

Annotations:
D:2 Natasha


Message History

You kill the jackal!
You shoot a sling bullet. The sling bullet hits the cerulean imp.
The cerulean imp is moderately wounded.
The cerulean imp hits you with a +1 spear.
Natasha stares at you and mumbles some strange words.
The magic dart hits you!
You shoot a sling bullet. The sling bullet hits the cerulean imp.
The cerulean imp is severely wounded.
The cerulean imp hits you with a +1 spear.
Natasha closely misses you.
You shoot a sling bullet.
The sling bullet hits the cerulean imp but does no damage.
The cerulean imp is severely wounded.
The cerulean imp misses you. Natasha closely misses you.
You furiously retaliate!
You headbutt Natasha! You shoot a sling bullet.
The sling bullet barely misses the cerulean imp.
The cerulean imp closely misses you. Natasha misses you.
You shoot a sling bullet.
The sling bullet barely misses the cerulean imp.
The cerulean imp hits you with a +1 spear.
Natasha barely misses you.
The cerulean imp hits you with a +1 spear.
You shoot a sling bullet.
The sling bullet closely misses the cerulean imp.
Natasha misses you. The cerulean imp closely misses you.
Natasha casts a spell.
You shoot a sling bullet.
The sling bullet hits the cerulean imp but does no damage.
The cerulean imp is severely wounded.
The cerulean imp hits you with a +1 spear.
Natasha extends her claws.
Natasha mumbles some strange words.
The cerulean imp hits you from afar with a +3 spear.
You shoot a sling bullet.
The sling bullet misses the cerulean imp.
The cerulean imp hits you but does no damage.
Natasha claws you.
The cerulean imp hits you from afar with a +3 spear.
You die...

##.## ##..... #.## ##..#. #.#
#.... #.## ##>#.# ##.## ##..[..
######## #..###.)..(. .......#
#.....#..#.# .#####.#
#######..#.##..#.. .#####.#
#@5..............# .##....#
#h#####..####.##.#
.##.#..#########5#####..####.....
.##.#...........5...##.......##.#
.......#########.##.##.#######...
###.#### #.#..##.# #... #.#
#########.......# #... ##.##
#...)...#.......# #...
##.#.###...)...#.#..##.#######...


You could see Natasha and 3 cerulean imps.

Vanquished Creatures
  2 adders (D:2)
  2 worms (D:2)
  5 ball pythons
  2 endoplasms
  A giant cockroach (D:1)
  5 goblins
  6 hobgoblins
  4 jackals
  3 quokkas (D:2)
  A bat (D:1)
  2 frilled lizards
  A kobold (D:2)
  22 rats
56 creatures vanquished.

Notes
Turn   | Place    | Note
-------+----------+-------------------------------------------
     0 | D:1      | qw the Minotaur Hexslinger began the quest for the Orb.
     0 | D:1      | Reached XP level 1. HP: 16/16 MP: 1/1
     0 | D:1      | 0 ||| qw: Version: 0.3-a-46-gb1f654a
     0 | D:1      | 0 ||| qw: Game counter: 2925
     0 | D:1      | 0 ||| qw: Melee chars always use a shield: true
     0 | D:1      | 0 ||| qw: God list: Okawaru
     0 | D:1      | 0 ||| qw: Allow faded altars: false
     0 | D:1      | 0 ||| qw: Do Orc after clearing Dungeon:15 true
     0 | D:1      | 0 ||| qw: Do second Lair branch before Depths: true
     0 | D:1      | 0 ||| qw: Lair rune preference: random
     0 | D:1      | 0 ||| qw: Goals: Normal
     0 | D:1      | 0 ||| PLANNING D:1-11
   194 | D:1      | Reached skill level 3 in Ranged Weapons
   318 | D:1      | Reached XP level 2. HP: 23/23 MP: 2/2
   580 | D:1      | Found a faded altar of an unknown god.
   694 | D:1      | 694 ||| UPGRADING to +0 ring mail.
   704 | D:1      | 704 ||| DROPPING +0 robe.
   705 | D:1      | 705 ||| READING scroll labelled EPSAX JYAT.
   706 | D:1      | 706 ||| READING scroll labelled IRAARPHOEWK.
   707 | D:1      | 707 ||| READING scroll labelled ARGHAOR EMOAFOG.
   712 | D:1      | 712 ||| DROPPING scroll of poison.
   834 | D:2      | Found a glowing golden altar of the Shining One.
   912 | D:2      | Reached XP level 3. HP: 27/29 MP: 3/3
   988 | D:2      | 988 ||| READING scroll of enchant weapon.
   988 | D:2      | 988 ||| ENCHANTING +2 sling.
  1002 | D:2      | Reached skill level 4 in Ranged Weapons
  1026 | D:2      | Reached skill level 1 in Armour
  1166 | D:2      | Reached XP level 4. HP: 36/36 MP: 4/4
  1315 | D:2      | 1315 ||| UPGRADING to +0 leather armour of fire resistance.
  1325 | D:2      | 1325 ||| READING scroll labelled LUZIONIHIUQ.
  1326 | D:2      | 1326 ||| READING scroll labelled HEUKABL JOIVY.
  1349 | D:3      | Noticed Natasha
  1351 | D:3      | 1351 ||| STAIRDANCE
  1358 | D:2      | HP: 8/36 [cerulean imp/+1 spear[Natasha] (5)]
  1363 | D:2      | HP: 5/36 [cerulean imp/+1 spear[Natasha] (1)]
  1364 | D:2      | HP: 2/36 [Natasha (2)]
  1364 | D:2      | Slain by a cerulean imp

Levels and vault maps discovered:
D:1:      lemuel_arrival_cross, layout_basic,
          chequers_ecumenical_altar_simple_redux, st_stairs_4
D:2:      layout_loops_cross, basic_altar, minmay_misc_feat_cross,
          minmay_rat_hole
D:3:      layout_basic, uniq_natasha

Skill      XL: |  1  2  3 |
---------------+----------+-----
Ranged Weapons | 3 4 |  4.5
Fighting       | 2 |  2.0
Armour         | 1 |  1.0
Dodging        | |  2.1
Spellcasting   | |  1.0
Hexes          | |  2.0

Action                     |  1- 3 |  4- 6 || total
---------------------------+-------+-------++-------
   Fire: Sling             |   119 |    22 ||   141
    Use: Scroll            |     4 |     2 ||     6
 Armour: Robe              |     4 |       ||     4
         Ring mail         |     9 |       ||     9
         Leather armour    |       |     6 ||     6
  Dodge: Dodged            |    33 |    15 ||    48

Table legend:
 A = Non-vault XP
 B = Vault XP
 C = Vault XP percentage of total XP
 D = Non-vault monster count
 E = Vault monster count
 F = Vault count percentage of total count
                 A         B        C        D         E       F
            +---------+---------+-------+---------+---------+-------
      Total |      88 |      24 |  21.4 |      34 |      22 |  39.3
            +---------+---------+-------+---------+---------+-------
        D:1 |      20 |       4 |  16.7 |      11 |       3 |  21.4
        D:2 |      68 |      20 |  22.7 |      23 |      19 |  45.2
            +---------+---------+-------+---------+---------+-------
